 Seeded DCSS version 0.30.1-3-gfc49f6343a (webtiles) character file.

Game seed: 6351066067085065685 (custom seed)

20 Esekla the Grave Robber (level 2, -2/15 HPs)
             Began as a Deep Elf Necromancer on Aug 10, 2023.
             Was an Initiate of Vehumet.
             Slain by an iguana (12 damage)
             ... on level 2 of the Dungeon.
             The game lasted 00:05:04 (789 turns).

Esekla the Grave Robber (Deep Elf Necromancer)       Turns: 789, Time: 00:05:04

Health: -2/15      AC:  4    Str:  5    XL:     2   Next: 58%
Magic:  8/8        EV: 13    Int: 19    God:    Vehumet [......]
Gold:   88         SH:  0    Dex: 18    Spells: 6/7 levels left

rFire   . . .        m - +5 rapier of the Hero {heavy, rN+ Dex+3}
rCold   . . .        (no shield)
rNeg    + . .        a - +0 robe
rPois   .            h - +0 helmet
rElec   .            (no cloak)
rCorr   .            j - +0 pair of gloves
SInv    .            (no boots)
Will    .....        (no amulet)
Stlth   ++           (no ring)
HPRegen 0.22/turn    (no ring)
MPRegen 0.11/turn

%: no passive effects
@: no status effects
A: no striking features
a: Renounce Religion


You were on level 2 of the Dungeon.
You worshipped Vehumet.
Vehumet was noncommittal.
You visited 1 branch of the dungeon, and saw 4 of its levels.

You collected 88 gold pieces.

Inventory:

Hand Weapons
 m - the +5 rapier of the Hero (weapon) {heavy, rN+ Dex+3}
   (You found it on level 3 of the Dungeon)

   Dex:       It affects your dexterity (+3).
   rN:        It protects you from negative energy.
Armour
 a - a +0 robe (worn)
 h - a +0 helmet (worn)
 j - a +0 pair of gloves (worn)
Wands
 c - a wand of roots (9)
Scrolls
 e - a scroll of fear {unknown}
 l - a scroll of immolation {unknown}
Potions
 b - a potion of magic
 d - a potion of ambrosia {unknown}
 f - a potion of haste {unknown}
 g - a potion of mutation {unknown}
 i - 2 potions of curing {unknown}
 k - a potion of attraction {unknown}


   Skills:
 + Level 0.2 Short Blades
 * Level 2.6 Dodging
 + Level 2.8 Stealth
 * Level 3.3 Spellcasting
 + Level 5.2 Necromancy


You had 6 spell levels left.
You knew the following spells:

 Your Spells              Type           Power      Damage    Failure   Level
a - Necrotise             Necr           92%        1d8       1%          1

Your spell library contained the following spells:

 Spells                   Type           Power      Damage    Failure   Level
 Vampiric Draining        Necr           23%        2d7       4%          3
 Animate Dead             Necr           23%        N/A       17%         4
 Agony                    Necr           23%        N/A       43%         5


Dungeon Overview and Level Annotations

Branches:
Dungeon (4/15)
 Temple: D:4-7

Altars:
Okawaru
Vehumet
Zin

Shops:
D:2 =


Message History

The frilled lizard closely misses you. x2
You barely miss the frilled lizard.
The frilled lizard is heavily wounded.
The frilled lizard bites you but does no damage.
You barely miss the frilled lizard.
The frilled lizard is heavily wounded.
The frilled lizard closely misses you. The frilled lizard bites you.
You barely miss the frilled lizard.
The frilled lizard is heavily wounded.
The frilled lizard closely misses you. The frilled lizard barely misses you.
You hit the frilled lizard.
You kill the frilled lizard!
Vehumet accepts your kill.
There is an entrance to Renulab's Jewellery Shop here.
You can access your shopping list by pressing '$'.
You see here an adder corpse.
You see here a +0 leather armour.
Found a bubbling blue potion.
A goblin comes into view. It is wielding a +3 dagger of speed.
You see here a bubbling blue potion.
The helpless goblin fails to defend itself.
You impale the goblin!!
You kill the goblin!
Vehumet accepts your kill.
i - 2 bubbling blue potions (gained 1)
You see here a +3 dagger of speed.
Found a short sword.
Found 11 gold pieces.
Found a stone staircase leading up.
A rat comes into view.
You now have 88 gold pieces (gained 11).
A black bear comes into view.
An iguana comes into view.
Found 6 poisoned darts.
The iguana hisses angrily.
The iguana bites you.
You hit the iguana.
The iguana is moderately wounded.
The iguana bites you. The iguana bites you!
Ouch! That really hurt!
You die...

#..#####.###
#<.........#
#........).# ##
#.######.#.####.
..
#.............h.
#.########.#.####
#.... #.#r#
#8.#####.# #
+.l@.....#
#8.#.#####
#......# #.....##
.(..### .....
####


You could see an iguana.

Vanquished Creatures
  An adder (D:2)
  A ball python (D:1)
  2 goblins (D:2)
  2 hobgoblins (D:3)
  2 frilled lizards
  3 kobolds
11 creatures vanquished.

Notes
Turn   | Place    | Note
-------+----------+-------------------------------------------
     0 | D:1      | Esekla the Deep Elf Necromancer began the quest for the
                  | Orb.
     0 | D:1      | Reached XP level 1. HP: 10/10 MP: 6/6
   126 | D:1      | Reached skill level 5 in Necromancy
   321 | D:4      | Found an iron altar of Okawaru.
   333 | D:4      | Found a glowing silver altar of Zin.
   404 | D:4      | Found a radiant altar of Vehumet.
   408 | D:4      | Became a worshipper of Vehumet
   589 | D:3      | Identified the +5 rapier of the Hero {heavy, rN+ Dex+3}
   603 | D:2      | Reached XP level 2. HP: 15/15 MP: 8/8
   678 | D:2      | Found Renulab's Jewellery Shop.
   780 | D:2      | Noticed a black bear
   789 | D:2      | Slain by an iguana

Illustrated notes

Levels and vault maps discovered:
D:1:      sevenhm_arrival_forest_fort_small_3, layout_rooms,
          chequers_serial_rivers_room_b, minmay_misc_feat_five
D:2:      layout_loops_ring, dreamdust_ecumenical_altar_angels_and_demons,
          serial_shops, shop
D:3:      layout_basic, grunt_temple_overflow_open, minmay_misc_feat_iff
D:4:      layout_basic, nicolae_overflow_quartered_altars, serial_shops,
          nicolae_diamond_shop

Skill      XL: |  1 |
---------------+----+-----
Necromancy     | 5 |  5.2
Short Blades   | |  0.2
Dodging        | |  2.6
Stealth        | |  2.8
Spellcasting   | |  3.3

Action                     || total
---------------------------++-------
  Melee: Short sword       ||    27
         Unarmed           ||     9
         Rapier            ||    14
   Stab: Sleeping          ||     1
 Armour: Robe              ||     4
  Dodge: Dodged            ||    29
